 Dungeon Crawl Stone Soup version 0.21.1-1-g345015f (webtiles) character file.

22 letownia2 the Charmwright (level 2, -2/23 HPs)
             Began as a Merfolk Skald on Mar 12, 2018.
             Killed from afar by a dart slug (4 damage)
             ... with a slug dart
             ... on level 1 of the Dungeon.
             The game lasted 00:01:38 (217 turns).

letownia2 the Charmwright (Merfolk Skald)            Turns: 217, Time: 00:01:39

Health: -2/23      AC:  3    Str: 11    XL:     2   Next: 91%
Magic:  1/5        EV: 12    Int: 12    God:
Gold:   0          SH:  0    Dex: 13    Spells: 4/5 levels left

rFire    . . .     SeeInvis .   a - +0 spear
rCold    . . .     Gourm    .   (no shield)
rNeg     . . .     Faith    .   b - +0 leather armour
rPois    .         Spirit   .   (no helmet)
rElec    .         Reflect  .   (no cloak)
rCorr    .         Harm     .   (no gloves)
MR       +....     Clarity  +   (no boots)
Stlth    +.........             (no amulet)
HPRegen  0.07/turn              (no ring)
MPRegen  0.09/turn              (no ring)

@: no status effects
A: change form in water, swift swim, stealthy swim, clarity, magic resistance 1,
screaming 1, evolution 1
a: no special abilities


You were on level 1 of the Dungeon.
You were not hungry.

You visited 1 branch of the dungeon, and saw 2 of its levels.

Inventory:

Hand Weapons
 a - a +0 spear (weapon)
Armour
 b - a +0 leather armour (worn)
Scrolls
 e - a scroll of remove curse {unknown}
Books
 c - a book of Battle

   Spells                             Type                      Level
   a - Infusion                       Charms                       1
   b - Shroud of Golubria             Charms/Translocation         2
   c - Song of Slaying                Charms                       2
   d - Spectral Weapon                Hexes/Charms                 3
   e - Regeneration                   Charms/Necromancy            3
Comestibles
 d - a ration


   Skills:
 + Level 2.4 Fighting
 + Level 3.4 Polearms
 + Level 0.7 Armour
 + Level 3.0 Dodging
 + Level 2.2 Spellcasting
 + Level 3.6 Charms


You had 4 spell levels left.
You knew the following spells:

 Your Spells              Type           Power        Failure   Level  Hunger
a - Infusion              Chrm           ##..         8%          1    ##.....


Dungeon Overview and Level Annotations

Branches:
Dungeon (2/15)

Altars:


Innate Abilities, Weirdness & Mutations

You revert to your normal form in water.
You are very nimble and swift while swimming.
You are very stealthy in the water. (Stealth+)
You possess an exceptional clarity of mind.
You are resistant to hostile enchantments. (MR+)
You occasionally shout uncontrollably at your foes.
You evolve.


Message History

Unknown command.
The bat hits you but does no damage.
Unknown command.
The bat closely misses you. The bat misses you.
The bat hits you but does no damage.
Found 14 gold pieces.
A dart slug comes into view.
The bat hits you but does no damage. x2
The bat hits you but does no damage. x2
Found a scroll labeled RIENIP WILIUNU.
The bat barely misses you. x2
Found a dagger.
Unknown command.
The bat barely misses you. The bat misses you.
An ooze comes into view.
The ooze quivers.
The bat barely misses you. The bat hits you but does no damage.
The dart slug launches a dart at you. The slug dart hits you!
You die...

#........# #. ..)..
#........# #. .....
#........# #.
.....#######........# #.
....................####
....................#...
J.......!....)......#...
.....$..bK..............
#?..w@b....#######....
#......K...# #.#+#
#..........# #.# .
#..........# #.#.#
#..........# ... .
#..........# #.#
############ ...


You could see an ooze, a dart slug, 2 bats and 2 kobolds.

Vanquished Creatures
  An adder (D:2)
  A giant cockroach (D:1)
  3 goblins (D:1)
  A hobgoblin (D:1)
  3 kobolds
  A bat (D:2)
  2 frilled lizards
  2 rats
14 creatures vanquished.

Notes
Turn   | Place    | Note
-------+----------+-------------------------------------------
     0 | D:1      | letownia2 the Merfolk Skald began the quest for the Orb.
     0 | D:1      | Reached XP level 1. HP: 16/16 MP: 3/3
    80 | D:2      | Reached XP level 2. HP: 17/22 MP: 0/5
   207 | D:1      | HP: 1/23 [bat (1)]
   210 | D:1      | Gained mutation: You possess an exceptional clarity of mind. [potion of mutation]
   210 | D:1      | Gained mutation: You are resistant to hostile enchantments. (MR+) [potion of mutation]
   210 | D:1      | Gained mutation: You occasionally shout uncontrollably at your foes. [potion of mutation]
   210 | D:1      | Gained mutation: You evolve. [potion of mutation]
   217 | D:1      | Killed from afar by a dart slug

Skill      XL: |  1  2 |
---------------+-------+-----
Dodging        | 3 |  3.0
Fighting       | |  2.4
Polearms       | |  3.4
Armour         | |  0.7
Spellcasting   | |  2.2
Charms         | |  3.6

Action                   || total
-------------------------++-------
Melee: Spear             ||    48
 Cast: Infusion          ||     5
  Use: Potion            ||     1
Armor: Leather armour    ||    24
Dodge: Dodged            ||    49
